 Dungeon Crawl Stone Soup version 0.16-a0-465-g631e55c (webtiles) character file.

101 PolkaDot the Slasher (level 4, 0/32 HPs)
             Began as a Vampire Chaos Knight on Sept 16, 2014.
             Was a Plaything of Xom.
             Succumbed to a kobold's poison
             ... on Level 2 of the Dungeon.
             The game lasted 00:04:33 (1786 turns).

PolkaDot the Slasher (Vampire Chaos Knight)         Turns: 1786, Time: 00:04:33

HP   0/32        AC  5     Str  9      XL: 4   Next: 48%
MP   4/4         EV 11     Int 14      God: Xom
Gold 71          SH  0     Dex 14      Spells:  0 memorised,  3 levels left

rFire  . . .     SeeInvis +     a - +0 falchion (chaos)
rCold  . . .     Clarity  .     b - +2 leather armour
rNeg   . . .     rCorr    .     (no shield)
rPois  .         rRot     .     (no helmet)
rElec  .         Spirit   .     (no cloak)
SustAb .         Warding  .     (no gloves)
rMut   .         Stasis   .     (no boots)
Gourm  .                        (no amulet)
MR     .....                    (no ring)
                                (no ring)

@: lethally poisoned, regenerating quickly, not resistant to hostile
enchantments, very unstealthy
A: fangs 3, see invisible, frail 1, weak 1, unbreathing
a: Renounce Religion


You were on level 2 of the Dungeon.
You worshipped Xom.
You were a special plaything of Xom.
You were very full.

You visited 1 branch of the dungeon, and saw 3 of its levels.

You collected 71 gold pieces.

Inventory:

Hand weapons
 a - a +0 falchion of chaos (weapon)
Armour
 b - a +2 leather armour (worn)
Scrolls
 e - a scroll of identify {unknown}
 f - 3 scrolls of teleportation {unknown}
 g - a scroll of fog {unknown}
 h - 2 scrolls of remove curse {unknown}
 i - a scroll of enchant weapon {unknown}
 j - a scroll of enchant armour {unknown}
 k - a scroll of magic mapping {unknown}
Potions
 c - 2 potions of agility {unknown}
 d - 2 potions of curing {unknown}


   Skills:
 + Level 3.6 Fighting
 * Level 4.6 Long Blades
 - Level 0.7 Armour
 - Level 2.1 Dodging


You had 3 spell levels left.
You didn't know any spells.

Dungeon Overview and Level Annotations

Branches:
Dungeon (3/15)

Altars:
Kikubaaqudgha


Innate Abilities, Weirdness & Mutations

Your natural rate of healing is unusually fast.
You have razor-sharp teeth.
You have supernaturally acute eyesight.
You can survive without breathing.
You are frail (-10% HP).
You are weak. (Str -2)


Message History

* * * LOW HITPOINT WARNING * * *
The kobold shoots a poisoned needle.
The poisoned needle hits you!
You are more poisoned.
The orc closely misses you.
* * * LOW HITPOINT WARNING * * *
You feel very sick. The bat misses you. The rat closely misses you.
The kobold shoots a poisoned needle.
The poisoned needle hits you!
You are more poisoned.
You see here a poisoned needle.
* * * LOW HITPOINT WARNING * * *
You feel very sick. The bat closely misses you. The rat completely misses you.
There is a stone staircase leading up here.
* * * LOW HITPOINT WARNING * * *
You feel very sick. The bat barely misses you.
The rat bites you but does no damage.
You climb upwards.
You die...
Xom is highly amused!

.......######..#.##.##.##.......#
..###.##...##..#.##.#####........
..# #^##...##..#..%........###...
..# #.##...###.#.##........# #...
..# #..........#.########.## #...
..# ##########...# #.# #... ..#
#...# #.# #... ..# ##r.#
#.####... ..# ##@# #....+... ..#
### ######... ..# #... ..# #...
..# #... ### ####


You could see a rat.

Vanquished Creatures
  A crimson imp (D:1)
  6 adders (D:2)
  A gnoll (D:1)
  A giant gecko (D:2)
  An ooze (D:1)
  An orc (D:3)
  4 bats
  3 giant cockroaches
  2 hobgoblins (D:1)
  2 jackals (D:2)
  A ball python (D:2)
  A giant newt (D:2)
  9 goblins
  2 kobolds (D:1)
  4 rats
  A toadstool (D:1)
40 creatures vanquished.

Vanquished Creatures (others)
  4 toadstools (D:1)
4 creatures vanquished.

Grand Total: 44 creatures vanquished

Notes
Turn   | Place    | Note
--------------------------------------------------------------
     0 | D:1      | PolkaDot, the Vampire Chaos Knight, began the quest for the Orb.
     0 | D:1      | Reached XP level 1. HP: 17/17 MP: 1/1
   113 | D:1      | XOM: potion effect (might)
   116 | D:1      | Reached XP level 2. HP: 23/23 MP: 2/2
   733 | D:1      | XOM: scenery: 1 doors open
   773 | D:1      | Reached XP level 3. HP: 29/29 MP: 3/3
   809 | D:1      | XOM is BORED!
   809 | D:1      | XOM: summons 1 hostile demon
   906 | D:1      | XOM: mild Hex miscast
   931 | D:1      | XOM: medium Conj miscast
   933 | D:2      | XOM: stealth player
  1108 | D:2      | Reached skill level 4 in Long Blades
  1148 | D:2      | XOM: colour smoke trail
  1196 | D:2      | XOM: give mutations
  1196 | D:2      | Gained mutation: You are frail (-10% HP). [Xom's mischief]
  1196 | D:2      | Gained mutation: You are weak. (Str -2) [Xom's mischief]
  1317 | D:2      | XOM: enchant monster (bad)
  1324 | D:2      | Reached XP level 4. HP: 15/31 MP: 4/4
  1521 | D:2      | XOM: noise
  1777 | D:3      | Found an ancient bone altar of Kikubaaqudgha.
  1786 | D:2      | Succumbed to a kobold's poison

Action                   |  1- 3 |  4- 6 || total
-------------------------+-------+-------++-------
Melee: Falchion          |   106 |    16 ||   122
  Use: Potion            |     1 |       ||     1
 Stab: Paralysed         |     2 |       ||     2
       Sleeping          |     1 |       ||     1
  Eat: Corpse            |    11 |     3 ||    14
